 Dungeon Crawl Stone Soup version 0.17.1-3-g152610e (webtiles) character file.

10839 kaze the Nimble (level 11, 0/109 HPs)
             Began as a Troll Berserker on Mar 8, 2016.
             Was an Elder of Trog.
             Slain by a freezing wraith (17 damage)
             ... on level 11 of the Dungeon.
             The game lasted 00:31:53 (9806 turns).

kaze the Nimble (Troll Berserker)                   Turns: 9806, Time: 00:31:53

Health: 0/109      AC: 16    Str: 30    XL:     11   Next: 41%
Magic:  10/10      EV: 17    Int:  5    God:    Trog [****..]
Gold:   681        SH:  0    Dex: 16    Spells: 0 memorised, 10 levels left

rFire  + + .     SeeInvis .     y - +3 dire flail
rCold  . . .     Clarity  .     g - +1 robe {rF+}
rNeg   . . .     SustAt   .     (shield currently unavailable)
rPois  .         Gourm    +     (helmet restricted)
rElec  .         Spirit   .     z - +0 cloak
rCorr  .         Warding  .     (gloves unavailable)
rMut   .         Stasis   .     (boots unavailable)
MR     .....                    o - amulet of regeneration
Stlth  ++........               D - +5 ring of dexterity
                                C - +3 ring of dexterity

@: exhausted, slowed, very slow, not resistant to hostile enchantments,
unstealthy
A: unfitting armour, claws 3, iridescent scales 1, molten scales 1, rough black
scales 1, clever 1, fire resistance 1, fast metabolism 3, gourmand, regeneration
2, shaggy fur 1, spit poison 1, tough skin 2, wild magic 1
a: Spit Poison, Berserk, Trog's Hand, Brothers in Arms, Burn Spellbooks,
Renounce Religion


You were on level 11 of the Dungeon.
You worshipped Trog.
Trog was greatly pleased with you.
You were very full.

You visited 1 branch of the dungeon, and saw 11 of its levels.

You collected 681 gold pieces.

Inventory:

Hand Weapons
 w - a +3 halberd
 y - a +3 dire flail (weapon)
Missiles
 q - 27 tomahawks (quivered)
 u - 5 javelins of penetration
Armour
 a - a +0 animal skin
 g - a +1 robe of fire resistance (worn)
 z - a +0 cloak (worn)
 J - a +0 shield of reflection
Jewellery
 h - a cursed ring of teleportation
 l - an uncursed amulet of resist mutation {unknown}
 m - an uncursed ring of poison resistance {unknown}
 o - an amulet of regeneration (around neck)
 s - a +2 ring of strength
 v - a +5 ring of intelligence
 C - a +3 ring of dexterity (left claw)
 D - a +5 ring of dexterity (right claw)
Wands
 i - a wand of enslavement (9)
Scrolls
 d - 4 scrolls of magic mapping
 e - 8 scrolls of remove curse
 n - 5 scrolls of immolation
 p - 2 scrolls of noise
 r - a scroll of fear
 t - a scroll of blinking
 F - 2 scrolls of recharging
 H - 3 scrolls of teleportation
Potions
 c - a potion of magic
 j - a potion of invisibility
 k - a potion of curing
 x - a potion of berserk rage
 E - a potion of cancellation
Comestibles
 b - 2 bread rations
 f - 3 meat rations


   Skills:
 + Level 7.4 Fighting
 + Level 7.3 Maces & Flails
 + Level 3.7 Throwing
 + Level 10.6 Dodging
 - Level 1.0 Stealth
 + Level 5.6 Unarmed Combat


You had 10 spell levels left.
You didn't know any spells.

Dungeon Overview and Level Annotations

Branches:
Dungeon (11/15)            Temple (0/1) D:5            Lair (0/8) D:9
    Orc (0/4) D:11

Altars:
Makhleb
Trog
Xom

Shops:
D:6 ?*?

Portals:
Bailey: D:11


Innate Abilities, Weirdness & Mutations

You are too large for most types of armour.
You have claws for hands.
Your metabolism is lightning-fast.
You like to eat raw meat.
You heal very quickly.
You are covered in fur (AC +1).
You have very tough skin (AC +2).
You are partially covered in iridescent scales (AC +4).
You are partially covered in molten scales (AC +1).
You are partially covered in rough black scales (AC +4, Dex -1).
Your mind is acute. (Int +2)
Your flesh is heat resistant.
You can spit weak poison.
Your spells are a little harder to cast, but a little more powerful.


Message History

The freezing wraith closely misses you. The freezing wraith misses you.
You barely miss the freezing wraith.
The freezing wraith is almost destroyed.
The freezing wraith misses you. The freezing wraith closely misses you.
You hit the freezing wraith but do no damage.
The freezing wraith is almost destroyed.
The freezing wraith completely misses you.
The freezing wraith hits you.
* * * LOW HITPOINT WARNING * * *
The freezing wraith drains your vigour!
You feel as though you will be slow longer.
* * * LOW HITPOINT WARNING * * *
The freezing wraith closely misses you.
The freezing wraith completely misses you.
You closely miss the freezing wraith.
The freezing wraith is almost destroyed.
The freezing wraith hits you!
* * * LOW HITPOINT WARNING * * *
The freezing wraith freezes you!
You die...

########### #.........#
#.........# +.........#
#.........###
#.....W@..'.## ####
#.........#..### .#...
#.....!...##...####.#.##
##+###########..#...#.#.
##<..###.#. ###.....#.
###..^.. #...)..
#####+######## ##+.)∩..


You could see a freezing wraith.

Vanquished Creatures
  Josephine (D:10)
  Nergalle (D:9)
  An unseen horror (D:11)
  A hill giant (D:10)
  The ghost of emiel the Spear-Bearer, a novice MfWn (D:7)
  A gargoyle (D:11)
  A troll (D:10)
  Grinder (D:3)
  A two-headed ogre (D:11)
  Sigmund (D:2)
  2 hungry ghosts
  A deep elf mage (D:10)
  5 wraiths (D:10)
  6 yaks (D:9)
  3 wargs (D:9)
  2 phantoms (D:10)
  2 wasps (D:9)
  2 ice beasts (D:10)
  4 orc warriors
  3 black bears
  2 centaurs
  6 sky beasts
  3 ogres
  The ghost of Goblin1989 the Cudgeler, an amateur GrGl of Okawaru (D:3)
  Blork the orc (D:4)
  2 big kobolds
  3 giant frogs
  2 scorpions
  14 killer bees
  An electric eel (D:10)
  A centaur zombie (D:5)
  2 crimson imps
  A giant frog zombie (D:11)
  A jelly (D:6)
  7 orc wizards
  3 centaur skeletons
  9 orc priests
  3 hounds
  A giant frog skeleton (D:7)
  2 iguanas
  6 worker ants
  A hound zombie (D:7)
  3 hound skeletons
  4 gnolls (D:7)
  12 adders
  4 shadow imps
  An ooze (D:1)
  An adder zombie (D:9)
  2 adder skeletons
  3 worms
  6 giant geckos
  40 orcs
  5 bats
  6 giant cockroaches
  4 goblins
  6 hobgoblins
  20 jackals
  15 kobolds
  2 ball pythons
  A giant gecko zombie (D:5)
  2 giant newts
  2 quokkas (D:10)
  A quokka skeleton (D:4)
  4 rats
256 creatures vanquished.

Vanquished Creatures (others)
  An orc wizard (D:4)
1 creature vanquished.

Grand Total: 257 creatures vanquished

Notes
Turn   | Place    | Note
--------------------------------------------------------------
     0 | D:1      | kaze the Troll Berserker began the quest for the Orb.
     0 | D:1      | Reached XP level 1. HP: 22/22 MP: 0/0
   130 | D:1      | Reached XP level 2. HP: 27/29 MP: 1/1
  1040 | D:2      | Reached XP level 3. HP: 32/36 MP: 2/2
  1355 | D:2      | Reached ** piety under Trog
  1388 | D:2      | Noticed Sigmund
  1402 | D:2      | Killed Sigmund
  1402 | D:2      | Reached skill level 4 in Unarmed Combat
  1402 | D:2      | Reached XP level 4. HP: 26/45 MP: 3/3
  1402 | D:2      | Reached XP level 5. HP: 30/53 MP: 4/4
  1945 | D:3      | Noticed Goblin1989's ghost (amateur GrGl)
  1954 | D:3      | Killed Goblin1989's ghost
  1954 | D:3      | Reached XP level 6. HP: 47/62 MP: 5/5
  2377 | D:3      | Noticed Grinder
  2383 | D:3      | Paralysed by Grinder for 2 turns
  2399 | D:3      | Killed Grinder
  2399 | D:3      | Reached skill level 1 in Throwing
  2457 | D:3      | Reached XP level 7. HP: 64/70 MP: 6/6
  2787 | D:4      | Noticed Blork the orc
  2799 | D:4      | Killed Blork the orc
  2799 | D:4      | Reached skill level 1 in Stealth
  2890 | D:4      | Reached *** piety under Trog
  3083 | D:4      | Found a bloodstained altar of Trog.
  3212 | D:4      | Found a burning altar of Makhleb.
  3593 | D:5      | Entered Level 5 of the Dungeon
  3668 | D:5      | Reached skill level 1 in Maces & Flails
  3674 | D:5      | Gained mutation: Your flesh is heat resistant. [mutagenic meat]
  3675 | D:5      | Gained mutation: You are partially covered in rough black scales (AC +4, Dex -1). [mutagenic meat]
  3677 | D:5      | Gained mutation: You are partially covered in iridescent scales (AC +4). [mutagenic meat]
  3678 | D:5      | Gained mutation: Your mind is acute. (Int +2) [mutagenic meat]
  3679 | D:5      | Gained mutation: Your body sometimes deteriorates upon taking damage. [mutagenic meat]
  3730 | D:5      | Reached skill level 5 in Dodging
  3730 | D:5      | Reached XP level 8. HP: 79/79 MP: 7/7
  3869 | D:5      | Gained mutation: You regenerate. [mutagenic meat]
  3870 | D:5      | Gained mutation: Your magical capacity is low (-10% MP). [mutagenic meat]
  3871 | D:5      | Gained mutation: You are frail (-10% HP). [mutagenic meat]
  3896 | D:5      | Found a staircase to the Ecumenical Temple.
  3991 | D:5      | Lost mutation: You regenerate. [mutagenic meat]
  3992 | D:5      | Gained mutation: Your spells are a little harder to cast, but a little more powerful. [mutagenic meat]
  3993 | D:5      | Gained mutation: You can spit weak poison. [mutagenic meat]
  3995 | D:5      | Gained mutation: You are partially covered in molten scales (AC +1). [mutagenic meat]
  4039 | D:5      | Reached skill level 5 in Fighting
  4305 | D:5      | Reached skill level 6 in Dodging
  4462 | D:5      | Reached **** piety under Trog
  4596 | D:6      | Found Ynil's Magic Scroll Emporium.
  4619 | D:6      | Found Doostibbi's Magic Scroll Shop.
  4626 | D:6      | Reached skill level 5 in Unarmed Combat
  4670 | D:6      | Reached XP level 9. HP: 42/79 MP: 7/7
  4763 | D:6      | Reached skill level 7 in Dodging
  4778 | D:6      | Paralysed by an orc for 6 turns
  4790 | D:6      | Paralysed by an orc for 7 turns
  4931 | D:6      | Found Douh's Assorted Antiques.
  4966 | D:6      | Found a shimmering altar of Xom.
  4967 | D:6      | Found a shimmering altar of Xom.
  4967 | D:6      | Found a shimmering altar of Xom.
  4967 | D:6      | Found a shimmering altar of Xom.
  4974 | D:6      | Found a shimmering altar of Xom.
  5485 | D:7      | Noticed emiel's ghost (novice MfWn)
  5502 | D:7      | Killed emiel's ghost
  5678 | D:7      | Reached skill level 8 in Dodging
  5725 | D:7      | Reached ***** piety under Trog
  7409 | D:9      | Reached XP level 10. HP: 88/88 MP: 8/8
  7441 | D:9      | Lost mutation: Your body sometimes deteriorates upon taking damage. [potion of cure mutation]
  7441 | D:9      | Lost mutation: You are frail (-10% HP). [potion of cure mutation]
  7441 | D:9      | Lost mutation: Your magical capacity is low (-10% MP). [potion of cure mutation]
  8023 | D:9      | Reached skill level 5 in Maces & Flails
  8050 | D:9      | Reached skill level 9 in Dodging
  8067 | D:9      | Received a gift from Trog
  8144 | D:9      | Found a staircase to the Lair.
  8403 | D:10     | Entered Level 10 of the Dungeon
  8403 | D:10     | Noticed Nergalle
  8434 | D:9      | Killed Nergalle
  8510 | D:10     | Noticed Josephine
  8532 | D:10     | Killed Josephine
  8645 | D:10     | Noticed a hill giant
  8656 | D:10     | Killed a hill giant
  8656 | D:10     | Reached skill level 10 in Dodging
  8656 | D:10     | Reached XP level 11. HP: 109/109 MP: 10/10
  9663 | D:11     | Killed an unseen horror
  9701 | D:11     | Found a staircase to the Orcish Mines.
  9739 | D:11     | Found a flagged portal.
  9806 | D:11     | Slain by a freezing wraith

Action                   |  1- 3 |  4- 6 |  7- 9 | 10-12 || total
-------------------------+-------+-------+-------+-------++-------
Melee: Unarmed           |    80 |    37 |   111 |       ||   228
       Dire flail        |       |       |   344 |   292 ||   636
Throw: Tomahawk          |       |    29 |    36 |       ||    65
       Javelin           |       |     3 |       |       ||     3
Invok: Berserk           |     1 |     1 |     9 |     8 ||    19
       Trog's Hand       |       |       |     3 |     4 ||     7
       Burn Spellbooks   |       |       |       |     1 ||     1
       Brothers in Arms  |       |       |       |     1 ||     1
 Abil: Spit Poison       |       |       |     1 |       ||     1
  Use: Scroll            |       |       |    18 |     3 ||    21
       Potion            |       |       |     3 |    15 ||    18
 Stab: Sleeping          |     1 |       |     1 |       ||     2
       Distracted        |       |       |       |     1 ||     1
  Eat: Chunk             |    14 |     8 |    57 |    34 ||   113
       Bread ration      |       |       |     5 |     2 ||     7
       Pizza             |       |       |     1 |       ||     1
